 Dungeon Crawl Stone Soup version 0.21.1-1-g345015f (webtiles) character file.

198 cultivahabas the Slasher (level 6, 0/48 HPs)
             Began as a Human Berserker on May 21, 2018.
             Was a Believer of Trog.
             Slain by a wight
             ... wielding a cursed +4 halberd
              (12 damage)
             ... on level 3 of the Dungeon on May 22, 2018.
             The game lasted 00:09:55 (3556 turns).

cultivahabas the Slasher (Human Berserker)          Turns: 3556, Time: 00:09:56

Health: 0/48       AC:  2    Str: 19    XL:     6   Next: 5%
Magic:  6/6        EV: 13    Int:  7    God:    Trog [**....]
Gold:   84         SH:  0    Dex: 13    Spells: 5/5 levels left

rFire    . . .     SeeInvis .   a - +0 falchion
rCold    . . .     Gourm    .   (no shield)
rNeg     . . .     Faith    .   b - +0 animal skin
rPois    .         Spirit   .   (no helmet)
rElec    .         Reflect  .   (no cloak)
rCorr    .         Harm     .   (no gloves)
MR       .....                  (no boots)
Stlth    +.........             (no amulet)
HPRegen  0.16/turn              (no ring)
MPRegen  0.10/turn              (no ring)

@: berserk cooldown, slowed, drained, very slow
A: no striking features
a: Berserk, Trog's Hand, Burn Spellbooks, Renounce Religion


You were on level 3 of the Dungeon.
You worshipped Trog.
Trog was pleased with you.
You were not hungry.

You visited 1 branch of the dungeon, and saw 3 of its levels.

You collected 84 gold pieces.

Inventory:

Hand Weapons
 a - a +0 falchion (weapon)
Armour
 b - a +0 animal skin (worn)
Scrolls
 e - a scroll of blinking {unknown}
 l - 5 scrolls of identify {unknown}
 n - 2 scrolls of amnesia {unknown}
 o - a scroll of noise {unknown}
Potions
 d - a potion of berserk rage {unknown}
 f - 2 potions of curing {unknown}
 g - a potion of degeneration {unknown}
 h - a potion of flight {unknown}
 i - 2 potions of agility {unknown}
 j - a potion of haste {unknown}
 k - 2 potions of heal wounds {unknown}
 m - a potion of cancellation {unknown}
 p - a potion of might {unknown}
Comestibles
 c - 4 rations


   Skills:
 + Level 4.0(3.4) Fighting
 * Level 4.9(4.2) Long Blades
 - Level 2.0(1.3) Armour
 + Level 3.2(2.6) Dodging


You had 5 spell levels left.
You didn't know any spells.

Dungeon Overview and Level Annotations

Branches:
Dungeon (3/15)

Altars:


Message History

The wight hits you with an enchanted halberd!
You closely miss the wight.
The wight is heavily damaged.
You are no longer berserk.
You are exhausted.
You feel yourself slow down.
You barely miss the wight.
The wight is heavily damaged.
The wight hits you with an enchanted halberd!
You feel drained.
* * * LOW HITPOINT WARNING * * *
The wight hits you with an enchanted halberd.
* * * LOW HITPOINT WARNING * * *
You feel drained. The wight barely misses you.
Unknown command.
The wight barely misses you. The wight closely misses you.
The wight hits you from afar with an enchanted halberd!
You die...

#.# ##########.#
#........#.#
.#####....#
#########.###.#
..........# #.#
.########.###.#
#####...##
#.@....## #.######
#z# #z# ### #z#
.... #.# .....
..####.####......
....>.....zz......
#######.####......


You could see 3 wights.

Vanquished Creatures
  2 wights (D:3)
  4 adders
  An ooze (D:2)
  A worm (D:2)
  A leopard gecko (D:1)
  7 giant cockroaches
  9 goblins
  18 hobgoblins
  3 jackals (D:2)
  6 kobolds
  A quokka (D:2)
  A ball python (D:3)
  4 bats
  6 frilled lizards
  5 rats
69 creatures vanquished.

Notes
Turn   | Place    | Note
-------+----------+-------------------------------------------
     0 | D:1      | cultivahabas the Human Berserker began the quest for the Orb.
     0 | D:1      | Reached XP level 1. HP: 18/18 MP: 1/1
    35 | D:1      | Reached XP level 2. HP: 18/24 MP: 2/2
  1375 | D:2      | Reached XP level 3. HP: 26/29 MP: 3/3
  1993 | D:2      | Reached ** piety under Trog
  2008 | D:2      | Reached XP level 4. HP: 33/35 MP: 4/4
  2767 | D:2      | Reached XP level 5. HP: 25/42 MP: 5/5
  3543 | D:3      | Reached XP level 6. HP: 48/48 MP: 6/6
  3556 | D:3      | Slain by a wight

Skill      XL: |  1  2  3  4  5 |
---------------+----------------+-----
Long Blades    | 4 |  4.9
Dodging        | 3 |  3.2
Fighting       | 4 |  4.0
Armour         | |  2.0

Action                   |  1- 3 |  4- 6 || total
-------------------------+-------+-------++-------
Melee: Falchion          |    99 |    89 ||   188
Invok: Berserk           |     1 |     3 ||     4
 Stab: Sleeping          |     1 |       ||     1
  Eat: Chunk             |     4 |     2 ||     6
       Ration            |       |     2 ||     2
Armor: Animal skin       |    18 |     5 ||    23
Dodge: Dodged            |    54 |    67 ||   121
       Rpst.: Falchion   |    15 |    23 ||    38
